 Dungeon Crawl Stone Soup version 0.17-a0-1775-g10da671 (webtiles) character file.

200 Ebilmort the Digger (level 5, -1/28 HPs)
             Began as a Gargoyle Earth Elementalist on Sept 8, 2015.
             Slain by an orc
             ... wielding a +0 mace
              (2 damage)
             ... on level 3 of the Dungeon.
             The game lasted 00:16:04 (3137 turns).

Ebilmort the Digger (Gargoyle Earth Elementalist)   Turns: 3137, Time: 00:16:04

Health: -1/28      AC:  7    Str: 11    XL:     5   Next: 78%
Magic:  1/10       EV: 12    Int: 17    God:
Gold:   92         SH:  0    Dex: 10    Spells: 3 memorised, 5 levels left

rFire  . . .     SeeInvis .     f - +0 hand axe (elec)
rCold  . . .     Clarity  .     b - +1 robe
rNeg   + + .     SustAt   .     (no shield)
rPois  ∞         Gourm    .     (no helmet)
rElec  +         Spirit   .     (no cloak)
rCorr  .         Warding  +     (no gloves)
rMut   .         Stasis   .     (no boots)
MR     .....                    r - amulet of warding
Stlth  ++........               (no ring)
                                (no ring)

@: invisible, not resistant to hostile enchantments, unstealthy
A: negative energy resistance 1, electricity resistance, unbreathing,
petrification resistance, rot immunity, AC +4
a: no special abilities


You were on level 3 of the Dungeon.
You were not hungry.

You visited 1 branch of the dungeon, and saw 3 of its levels.

You collected 92 gold pieces.

Inventory:

Hand weapons
 f - a +0 hand axe of electrocution (weapon)
Missiles
 a - 87 stones (quivered)
Armour
 b - a +1 robe (worn)
Jewellery
 r - an amulet of warding (around neck)
Scrolls
 e - 2 scrolls of blinking
 h - 2 scrolls of remove curse
 j - 2 scrolls of identify
Potions
 g - a potion of poison {unknown}
 m - a potion of flight {unknown}
 n - a potion of invisibility
 o - 2 potions of curing {unknown}
 s - a potion of brilliance {unknown}
 t - a potion of heal wounds {unknown}
 u - 2 potions of magic {unknown}
 v - a potion of cancellation {unknown}
 w - 2 potions of might {unknown}
Books
 c - a book of Geomancy

   Spells                             Type                      Level
   a - Sandblast                      Earth                        1
   b - Stoneskin                      Transmutation/Earth          2
   c - Passwall                       Transmutation/Earth          3
   d - Stone Arrow                    Conjuration/Earth            3
   e - Petrify                        Transmutation/Earth          4
   f - Lee's Rapid Deconstruction     Earth                        5
Comestibles
 d - 2 bread rations
 i - 4 chunks of flesh
 k - a meat ration
 l - a beef jerky


   Skills:
 - Level 1.5 Dodging
 - Level 2.1 Stealth
 + Level 3.7 Spellcasting
 + Level 1.6 Conjurations
 - Level 0.7 Transmutations
 + Level 5.7 Earth Magic


You had 5 spell levels left.
You knew the following spells:

 Your Spells              Type           Power        Failure   Level  Hunger
a - Sandblast             Erth           ###...       1%          1    None
b - Stoneskin             Trmt/Erth      ##......     10%         2    ##.....
c - Stone Arrow           Conj/Erth      ###...       12%         3    ###....


Dungeon Overview and Level Annotations

Branches:
Dungeon (3/15)

Altars:
Sif Muna


Innate Abilities, Weirdness & Mutations

You are resistant to torment.
Your stone body is resilient (AC +4).
You are immune to poison.
You resist negative energy.
You are resistant to electric shocks.
You can survive without breathing.
You are immune to petrification.
You are immune to rotting.


Message History

You hit the orc priest but do no damage.
The orc priest mumbles some strange prayers to Beogh against you.
Pain shoots through your body!
You closely miss the orc priest. The orc priest barely misses you.
You hit the orc priest but do no damage.
The orc priest hits you but does no damage. x2
You closely miss the orc priest.
The orc priest hits you with a hand axe.
You hit the orc priest but do no damage.
There is a sudden explosion of sparks!
You kill the orc priest!
The orc hits you with a mace.
* * * LOW HITPOINT WARNING * * *
You closely miss the orc. The orc hits you with a mace.
* * * LOW HITPOINT WARNING * * *
Drink which item? (? for menu, Esc to quit)
It was a potion of invisibility.
You fade into invisibility!
The orc hits you with a mace.
You die...

###### ###....#
.######...##.#
.........###.#
#.####......###
#.......)...#####
#@####.#........##
#o#....<....#...(#
#g#.#.....###.#...
#K#.###...#.#..#).
#o#>..)..........)
..#.#...###.......
###.#<......#.##..
#....####...##.#
#...............


You could see 2 orcs, a goblin and a kobold.

Vanquished Creatures
  An orc priest (D:3)
  Jessica (D:3)
  3 adders
  An ooze (D:2)
  2 worms (D:2)
  8 orcs (D:3)
  2 ball pythons
  7 bats
  17 goblins
  10 hobgoblins
  17 jackals
  2 quokkas (D:2)
  2 giant cockroaches (D:1)
  4 giant geckos
  3 giant newts
  8 kobolds
  5 rats
93 creatures vanquished.

Notes
Turn   | Place    | Note
--------------------------------------------------------------
     0 | D:1      | Ebilmort the Gargoyle Earth Elementalist began the quest for the Orb.
     0 | D:1      | Reached XP level 1. HP: 10/10 MP: 3/3
   293 | D:1      | Reached XP level 2. HP: 15/15 MP: 0/5
   479 | D:1      | Reached skill level 4 in Earth Magic
  1174 | D:1      | Reached XP level 3. HP: 17/19 MP: 2/7
  1222 | D:1      | Learned a level 2 spell: Stoneskin
  1318 | D:2      | Found a deep blue altar of Sif Muna.
  1693 | D:2      | Reached XP level 4. HP: 20/24 MP: 1/8
  2237 | D:2      | Learned a level 3 spell: Stone Arrow
  2367 | D:3      | Reached skill level 5 in Earth Magic
  2667 | D:3      | Reached XP level 5. HP: 28/28 MP: 4/10
  2764 | D:3      | Noticed Jessica
  2795 | D:3      | Killed Jessica
  2795 | D:3      | Reached skill level 1 in Conjurations
  3136 | D:3      | HP: 1/28 [orc/mace (6)]
  3137 | D:3      | Slain by an orc

Vault maps used:
D:1:      dpeg_arrival_lava_temple_mockup, minmay_fountain_box,
          roderic_ancient_swastika, hangedman_abyss_or_decor_stabs,
          serial_bayou_pond_c
D:2:      led_sif_pool, first_bread
D:3:      corexii_shack_village, uniq_jessica

Action                   |  1- 3 |  4- 6 || total
-------------------------+-------+-------++-------
Melee: Hand axe          |    24 |    60 ||    84
Throw: Stone             |    59 |    12 ||    71
 Cast: Sandblast         |    63 |    83 ||   146
       Stoneskin         |       |     3 ||     3
  Use: Scroll            |       |     8 ||     8
       Potion            |       |     1 ||     1
 Stab: Sleeping          |       |     2 ||     2
  Eat: Chunk             |     3 |     5 ||     8
